 Dungeon Crawl Stone Soup version 0.28-a0-1629-gf728b707aa (webtiles) character file.

Game seed: 17010567479143667143

170 HallandMoats the Skirmisher (level 5, -6/46 HPs)
             Began as a Ghoul Fighter on Jan 24, 2022.
             Mangled by Edmund (12 damage)
             ... on level 4 of the Dungeon.
             The game lasted 00:03:02 (2227 turns).

HallandMoats the Skirmisher (Ghoul Fighter)         Turns: 2227, Time: 00:03:02

Health: -6/46      AC:  6    Str: 20    XL:     5   Next: 50%
Magic:  0/5        EV:  9    Int:  5    God:
Gold:   130        SH:  4    Dex:  8    Spells: 4/4 levels left

rFire   . . .      SeeInvis .   b - +2 dagger (venom)
rCold   + . .      Faith    .   c - +0 buckler
rNeg    + + +      Spirit   +   h - +0 scale mail
rPois   ∞          Reflect  .   (no helmet)
rElec   .          Harm     .   (no cloak)
rCorr   .          Rampage  .   (no gloves)
Will    .....                   (no boots)
Stlth   ..........              g - amulet of guardian spirit
HPRegen 0.00/turn               (no ring)
MPRegen 0.09/turn               (no ring)

@: mighty, inhibited regen
A: claws 1, cold resistance 1, negative energy resistance 3, inhibited
regeneration, torment resistance 2
a: no special abilities


You were on level 4 of the Dungeon.
You visited 1 branch of the dungeon, and saw 4 of its levels.

You collected 130 gold pieces.

Inventory:

Hand Weapons
 a - a +0 trident
 b - a +2 dagger of venom (weapon)
Armour
 c - a +0 buckler (worn)
 h - a +0 scale mail (worn)
Jewellery
 g - an amulet of guardian spirit (around neck)
 k - a ring of see invisible
 l - a +6 ring of intelligence
Scrolls
 e - a scroll of immolation {unknown}
 f - 2 scrolls of enchant weapon {unknown}
 i - 2 scrolls of identify {unknown}
 j - a scroll of summoning {unknown}


   Skills:
 + Level 3.9 Fighting
 * Level 2.8 Polearms
 + Level 3.2 Armour
 + Level 1.3 Dodging
 + Level 3.1 Shields
 * Level 2.3 Invocations


You had 4 spell levels left.
You didn't know any spells.
Your spell library contained the following spells:

 Spells                   Type           Power      Damage    Failure   Level
 Animate Skeleton         Necr           0%         N/A       89%         1
 Pain                     Necr           0%         1d4       89%         1
 Vampiric Draining        Necr           0%         2d6       99%         3


Dungeon Overview and Level Annotations

Branches:
Dungeon (4/15)
 Temple: D:4-7

Altars:
Fedhas
Kikubaaqudgha

Annotations:
D:4 Edmund


Innate Abilities, Weirdness & Mutations

You thrive by killing the living.
You are immune to poison.
You have sharp fingernails.
Your flesh is cold resistant. (rC+)
You are immune to negative energy. (rN+++)
You do not regenerate when monsters are visible.
You are immune to unholy pain and torment.


Message History

Done exploring.
(D) Dungeon
Where to? (Enter - D:3, ? - help)
What level of the Dungeon? (default 1, ? - help)
There is a stone staircase leading down here.
You climb downwards.
There is a stone staircase leading up here.
Search for what [Enter for "altar", or ? for help]? altar
Found a blossoming altar of Fedhas.
Found an escape hatch in the floor and an escape hatch in the ceiling.
Found a runed dagger.
Edmund the Younger comes into view.
He is wielding a +2 flail of protection.
Edmund shouts!
Edmund is nearby!
You feel very mighty all of a sudden. Edmund hits you but does no damage.
You hit Edmund.
Edmund is poisoned.
Edmund is lightly wounded.
Edmund drinks a potion.
Edmund goes berserk!
You puncture Edmund!
Edmund looks as sick as possible!
Edmund is moderately wounded.
You block Edmund's attack. Edmund closely misses you.
You hit Edmund but do no damage.
Edmund looks as sick as possible!
Edmund is moderately wounded.
You block Edmund's attack.
Edmund hits you with a +2 flail of protection!
You hit Edmund.
Edmund looks as sick as possible!
Edmund is moderately wounded.
Edmund hits you with a +2 flail of protection!!
* * * LOW HITPOINT WARNING * * *
Edmund hits you with a +2 flail of protection.
* * * LOW HITPOINT WARNING * * *
You puncture Edmund!
Edmund looks as sick as possible!
Edmund is severely wounded.
Edmund hits you with a +2 flail of protection.
* * * LOW HITPOINT WARNING * * *
You barely miss Edmund.
Edmund is severely wounded.
Edmund hits you with a +2 flail of protection!
You die...

##..≈≈≈≈≈≈≈.....#
#..≈≈≈≈≈≈≈≈≈....#
##.≈≈≈≈≈≈≈≈≈≈≈..##
#..≈≈≈≈P<.≈≈≈≈..# .
###.≈≈≈≈P♣.P.≈≈≈≈.# ..
..#.≈≈≈≈P._P.≈≈≈≈.## ...
..#.≈≈≈≈.P..P≈≈≈≈..#....
.##..≈≈≈≈P>♣≈≈≈≈.........
.##..≈≈≈≈≈≈≈≈≈≈≈@.....##.
......≈≈≈≈≈≈≈≈≈.@........
.......≈≈≈≈≈≈≈...........
##.......≈≈≈.....#......#
##...#.......#..##......#
#.......#...... ..##..#
##.....#....#.. #+# +#
#.........##.. ...... ..
#..


You could see Edmund (berserk, extremely poisoned).

Vanquished Creatures
  An orc wizard (D:3)
  3 adders
  4 gnolls (D:2)
  A worm (D:2)
  2 dart slugs
  6 orcs (D:3)
  7 endoplasms
  8 giant cockroaches
  3 goblins
  5 hobgoblins
  8 kobolds
  3 quokkas
  4 ball pythons
  4 bats
  A frilled lizard (D:1)
  5 rats
65 creatures vanquished.

Notes
Turn   | Place    | Note
-------+----------+-------------------------------------------
     0 | D:1      | HallandMoats the Ghoul Fighter began the quest for the Orb.
     0 | D:1      | Reached XP level 1. HP: 19/19 MP: 0/0
   194 | D:1      | Reached XP level 2. HP: 26/26 MP: 1/1
   584 | D:2      | Reached XP level 3. HP: 28/31 MP: 2/2
   700 | D:2      | Reached skill level 1 in Invocations
  1072 | D:2      | Reached XP level 4. HP: 34/39 MP: 1/3
  1078 | D:2      | Reached skill level 1 in Dodging
  1674 | D:3      | Reached XP level 5. HP: 31/46 MP: 3/5
  1818 | D:3      | Found an ancient bone altar of Kikubaaqudgha.
  2187 | D:4      | Found a blossoming altar of Fedhas.
  2216 | D:4      | Noticed Edmund
  2227 | D:4      | Mangled by Edmund

Illustrated notes

Levels and vault maps discovered:
D:1:      minmay_arrival_glassed_features, layout_rooms
D:2:      layout_basic
D:3:      layout_basic, mainiacjoe_overflow_brackets
D:4:      layout_cave_pools, mainiacjoe_overflow_24_doors,
          fedhas_ov_isle_minmay, nicolae_uskayaw_en_pointe, minmay_rat_hole,
          uniq_edmund

Skill      XL: |  1  2  3  4 |
---------------+-------------+-----
Polearms       | 2 |  2.8
Invocations    | 1 2 |  2.3
Shields        | 3 |  3.1
Armour         | 3 |  3.2
Dodging        | 1 |  1.3
Fighting       | |  3.9

Action                   |  1- 3 |  4- 6 || total
-------------------------+-------+-------++-------
Melee: Trident           |    32 |       ||    32
       Dagger            |    64 |   108 ||   172
  Use: Potion            |       |     1 ||     1
Armor: Scale mail        |    27 |    27 ||    54
Dodge: Dodged            |    44 |    35 ||    79
Block: Buckler           |    16 |    20 ||    36

Table legend: (Time is in decaauts)
 A = Elapsed time spent in this place.
 B = Non-inter-level travel time spent in this place.
 C = Inter-level travel time spent in this place.
 D = Time resting spent in this place.
 E = Time spent auto-exploring this place.
 F = Levels seen in this place.
 G = Mean time per level.
                   A        B        C        D        E       F      G
               +--------+--------+--------+--------+--------+-----+--------+
         Total |   2241 |   2171 |     70 |      0 |   1720 |   4 |  560.2 |
       Dungeon |   2241 |   2171 |     70 |      0 |   1720 |   4 |  560.2 |
               +--------+--------+--------+--------+--------+-----+--------+

Top non-repeatable levels by time:
     D:2: 1003 daAuts
     D:3: 605 daAuts
     D:1: 585 daAuts
     D:4: 47 daAuts
